 Dungeon Crawl Stone Soup version 0.25.1-2-g60ff931df9 (webtiles) character file.

Game seed: 11935366992471574785

49 kikerikii the Skirmisher (level 4, -1/31 HPs)
             Began as a Halfling Abyssal Knight on Aug 29, 2020.
             Was a Follower of Lugonu.
             Slain by a hobgoblin
             ... wielding a +0 club
             ... led by Robin
              (2 damage)
             ... on level 2 of the Dungeon.
             The game lasted 00:02:17 (1573 turns).

kikerikii the Skirmisher (Halfling Abyssal Knight)  Turns: 1573, Time: 00:02:17

Health: -1/31      AC:  3    Str: 14    XL:     4   Next: 1%
Magic:  5/6        EV: 15    Int: 10    God:    Lugonu [*.....]
Gold:   64         SH:  0    Dex: 13    Spells: 3/3 levels left

rFire    . . .     SeeInvis .   a - +1 falchion
rCold    . . .     Gourm    .   (shield restricted)
rNeg     . . .     Faith    .   b - +0 leather armour
rPois    .         Spirit   .   (no helmet)
rElec    .         Reflect  .   (no cloak)
rCorr    .         Harm     .   (no gloves)
MR       .....                  (no boots)
Stlth    +.........             (no amulet)
HPRegen  0.10/turn              (no ring)
MPRegen  0.10/turn              (no ring)

@: no status effects
A: small, mutation resistance 1
a: Depart the Abyss, Renounce Religion


You were on level 2 of the Dungeon.
You worshipped Lugonu.
Lugonu was aware of your devotion.
You were not hungry.

You visited 1 branch of the dungeon, and saw 2 of its levels.
You visited the Abyss 1 time.

You collected 64 gold pieces.

Inventory:

Hand Weapons
 a - a +1 falchion (weapon)
Missiles
 n - 30 stones (quivered)
 o - 10 sling bullets
Armour
 b - a +0 leather armour (worn)
Jewellery
 e - an uncursed ring of protection from magic {unknown}
Scrolls
 f - 2 scrolls of identify {unknown}
 h - a scroll of blinking {unknown}
 j - a scroll of remove curse {unknown}
 k - a scroll of immolation {unknown}
 m - 2 scrolls of teleportation {unknown}
Potions
 d - 3 potions of might {unknown}
 g - a potion of heal wounds {unknown}
 i - 2 potions of ambrosia {unknown}
 l - a potion of berserk rage {unknown}
Comestibles
 c - 4 rations
 p - a chunk of flesh


   Skills:
 + Level 3.1 Fighting
 - Level 2.0 Long Blades
 - Level 2.1 Armour
 * Level 2.8 Dodging
 + Level 2.7 Invocations


You had 3 spell levels left.
You didn't know any spells.
Your spell library was empty.

Dungeon Overview and Level Annotations

Branches:
Dungeon (2/15)

Altars:

Annotations:
D:2 exclusion: upstairs, Robin, Sigmund


Innate Abilities, Weirdness & Mutations

You are small and have problems with some larger weapons.
You are somewhat resistant to further mutation.


Message History

You hit the hobgoblin but do no damage. The goblin barely misses you.
You barely miss the goblin.
The goblin is heavily wounded.
The hobgoblin closely misses you.
You riposte.
You barely miss the hobgoblin.
Robin roars a battlecry!
The goblins go into a battle-frenzy!
The goblin completely misses you. The hobgoblin barely misses you.
You closely miss the goblin.
The goblin is heavily wounded.
The goblin barely misses you. The hobgoblin closely misses you.
You closely miss the goblin.
The goblin is heavily wounded.
The goblin hits you.
* * * LOW HITPOINT WARNING * * *
The hobgoblin closely misses you.
You miss the goblin.
The goblin is heavily wounded.
The hobgoblin no longer looks unusually strong. x2
The goblin misses you. The hobgoblin hits you with a +0 club.
You die...

#...# ##.#..#
... # #..#.##
.# ...#..#
..###.## #.##
#.# . #.# #<#
#g# #@# #g#
..#####g######
#.....ggg....#
....#...g....#
###..........#
####.......#
#.......#
#.......#


You could see Robin, 4 hobgoblins and 2 goblins.

Vanquished Creatures
  2 adders (D:2)
  A dart slug (D:1)
  2 leopard geckos (D:1)
  A bat (D:1)
  2 giant cockroaches
  8 goblins
  2 hobgoblins
  A quokka (D:2)
  A frilled lizard (D:1)
  2 kobolds (D:1)
  3 rats
25 creatures vanquished.

Notes
Turn   | Place    | Note
-------+----------+-------------------------------------------
     0 | Abyss:1  | kikerikii the Halfling Abyssal Knight began the quest for
                  | the Orb.
     0 | Abyss:1  | Reached XP level 1. HP: 15/15 MP: 2/2
    60 | Abyss:1  | Noticed an Executioner
    61 | D:1      | Escaped the Abyss
   472 | D:1      | Reached XP level 2. HP: 20/20 MP: 3/3
   617 | D:1      | Reached * piety under Lugonu
  1267 | D:2      | Reached XP level 3. HP: 25/25 MP: 4/4
  1270 | D:2      | Noticed Sigmund
  1511 | D:2      | Reached skill level 3 in Fighting
  1549 | D:2      | Noticed Robin
  1567 | D:2      | Reached XP level 4. HP: 9/31 MP: 4/6
  1572 | D:2      | HP: 1/31 [goblin[Robin] (2)]
  1573 | D:2      | Slain by a hobgoblin

Illustrated notes

Levels and vault maps discovered:
D:1:      lightli_molten_gateway, layout_basic, corner_web_ring
D:2:      layout_rooms, first_ration, uniq_robin, uniq_natasha, uniq_sigmund

Skill      XL: |  1  2  3 |
---------------+----------+-----
Dodging        | 2 |  2.8
Fighting       | 3 |  3.1
Long Blades    | |  2.0
Armour         | |  2.1
Invocations    | |  2.7

Action                   |  1- 3 |  4- 6 || total
-------------------------+-------+-------++-------
Melee: Falchion          |    54 |     6 ||    60
Invok: Depart the Abyss  |     1 |       ||     1
  Eat: Chunk             |     2 |       ||     2
Armor: Leather armour    |     7 |     1 ||     8
Dodge: Dodged            |    43 |    11 ||    54
       Rpst.: Falchion   |    16 |     3 ||    19
